 Dungeon Crawl Stone Soup version 0.28.0-53-g5a82cb258f (webtiles) character file.

Game seed: 17647130775342811181

27 Kranky the Vandal (level 3, 12/28 HPs)
             Began as a Gnoll Wanderer on June 18, 2022.
             Quit the game on level 1 of the Dungeon.
             The game lasted 00:02:34 (673 turns).

Kranky the Vandal (Gnoll Wanderer)                   Turns: 673, Time: 00:02:35

Health: 12/28      AC:  3    Str:  9    XL:     3   Next: 10%
Magic:  7/7        EV: 11    Int:  8    God:
Gold:   22         SH:  0    Dex: 18    Spells: 6/7 levels left

rFire   . . .      SeeInvis .   a - +0 hunting sling
rCold   . . .      Faith    .   (no shield)
rNeg    . . .      Spirit   .   d - +0 robe
rPois   .          Reflect  .   (no helmet)
rElec   .          Harm     .   (no cloak)
rCorr   .          Rampage  .   (no gloves)
Will    .....                   c - +0 pair of boots
Stlth   ++........              (no amulet)
HPRegen 0.09/turn               (no ring)
MPRegen 0.10/turn               (no ring)

@: no status effects
A: fangs 1, strong nose, distributed training
a: no special abilities


You were on level 1 of the Dungeon.
You visited 1 branch of the dungeon, and saw 1 of its levels.

You collected 22 gold pieces.

Inventory:

Hand Weapons
 a - a +0 hunting sling (weapon)
 f - a +0 short sword
Missiles
 b - 17 sling bullets (quivered ammo)
Armour
 c - a +0 pair of boots (worn)
 d - a +0 robe (worn)
Scrolls
 g - a scroll of amnesia {unknown}


   Skills:
 + Level 2.5 Fighting
 + Level 0.6 Short Blades
 + Level 0.6 Long Blades
 + Level 0.6 Axes
 + Level 0.6 Maces & Flails
 + Level 0.6 Polearms
 + Level 0.6 Staves
 + Level 6.5 Slings
 + Level 0.6 Bows
 + Level 0.6 Crossbows
 + Level 0.6 Throwing
 + Level 2.5 Armour
 + Level 0.6 Dodging
 + Level 2.3 Stealth
 + Level 0.6 Shields
 + Level 0.6 Unarmed Combat
 + Level 2.8 Spellcasting
 + Level 0.4 Conjurations
 + Level 0.4 Hexes
 + Level 0.4 Summonings
 + Level 0.4 Necromancy
 + Level 0.4 Translocations
 + Level 0.4 Transmutations
 + Level 0.4 Fire Magic
 + Level 0.4 Ice Magic
 + Level 0.4 Air Magic
 + Level 0.4 Earth Magic
 + Level 5.4 Poison Magic
 + Level 0.8 Invocations
 + Level 0.6 Evocations


You had 6 spell levels left.
You knew the following spells:

 Your Spells              Type           Power      Damage    Failure   Level
a - Sting                 Tmut/Pois      20%        1d4       10%         1

Your spell library contained the following spells:

 Spells                   Type           Power      Damage    Failure   Level
 Spider Form              Tmut/Pois      5%         N/A       30%         3
 Olgreb's Toxic Radiance  Pois           9%         N/A       34%         4


Dungeon Overview and Level Annotations

Branches:
Dungeon (1/15)

Altars:


Innate Abilities, Weirdness & Mutations

You have very sharp teeth.
Your uncanny sense of smell can sniff out nearby items.
Your experience applies equally to all skills.


Message History

You shoot a stone. The stone barely misses the jackal.
The jackal barely misses you. The jackal closely misses you.
The jackal barely misses you. The jackal closely misses you.
The jackal bites you but does no damage.
You shoot a stone. The stone barely misses the jackal.
The jackal bites you. The jackal closely misses you.
The jackal barely misses you.
You shoot a stone. The stone closely misses the jackal.
The jackal bites you. The jackal closely misses you. The jackal bites you.
You shoot a stone. The stone completely misses the jackal.
A bat comes into view.
The jackal closely misses you. The jackal bites you.
The jackal barely misses you.
You shoot a stone. The stone barely misses the jackal.
The jackal closely misses you.
The jackal bites you but does no damage. x2
The jackal bites you. x2
The jackal bites you but does no damage.
You shoot a sling bullet.
The sling bullet barely misses the jackal.
The bat misses you. The jackal bites you.
The jackal bites you but does no damage. x2
You shoot a sling bullet.
The sling bullet barely misses the jackal.
The bat hits you but does no damage. The jackal barely misses you.
The jackal bites you. x2
You are too injured to fight recklessly!
You are too injured to fight recklessly!
You are too injured to fight recklessly!
You are too injured to fight recklessly!
You are too injured to fight recklessly!
Unknown command.
You are too injured to fight recklessly!
Unknown command.
You are too injured to fight recklessly!
Unknown command.
You are too injured to fight recklessly!
Unknown command.
Welcome back, Kranky the Gnoll Wanderer.
Press ? for a list of commands and other information.
Are you sure you want to abandon this character and quit the game? (Confirm with "yes".)

############ ###
#.......(.?# ..#
#.......hh.# ..##
#.......@h(# ...#
#.......b#(.((..
...######........#
#####
........#........#
...#.##......)...#
.#.#.###..............
.....# #..............
.#.#.####.......(......
.................#.####


You could see 3 jackals and a bat.

Vanquished Creatures
  2 dart slugs (D:1)
  3 endoplasms (D:1)
  A goblin (D:1)
  3 hobgoblins (D:1)
  2 jackals (D:1)
  3 kobolds (D:1)
  A quokka (D:1)
  A ball python (D:1)
  3 bats (D:1)
  2 rats (D:1)
21 creatures vanquished.

Notes
Turn   | Place    | Note
-------+----------+-------------------------------------------
     0 | D:1      | Kranky the Gnoll Wanderer began the quest for the Orb.
     0 | D:1      | Kranky set off with the following items: a +0 hunting
                  | sling, 20 sling bullets, a +0 pair of boots, a +0 robe; and
                  | the following spell memorised: Sting; and the following
                  | spells available to memorise: Spider Form, Olgreb's Toxic
                  | Radiance
     0 | D:1      | Reached XP level 1. HP: 17/17 MP: 4/4
    89 | D:1      | Reached XP level 2. HP: 19/23 MP: 5/5
   549 | D:1      | Reached XP level 3. HP: 28/28 MP: 7/7
   673 | D:1      | Quit the game

Illustrated notes

Levels and vault maps discovered:
D:1:      minmay_arrival_wavy_path, layout_basic

Action                   || total
-------------------------++-------
Melee: Short sword       ||    12
       Bite              ||     1
 Fire: Hunting sling     ||    60
 Cast: Sting             ||     7
Armor: Robe              ||    30
Dodge: Dodged            ||    42
